AoeStats
← jantotu

Arabian Desert

509316134Analyzed
1v1 RM · 7d ago on Sep 26, 2026· 41m 44s· 2 players
Game mode
Random Map
Map size
Tiny (2 player)
Population
200
Speed
Normal
Resources
Standard
Victory
Conquest
Starting age
Dark Age
Ending age
Imperial Age
RankedLock teamsTeams togetherTeam positionsShared explorationLock speedFull tech treeHidden civsTurbo modeCheats
Victory
Defeat
🇬🇧 Danes · United Kingdom
1270
+15
🇨🇭 Goths · Switzerland
1244
-15
jantotu
10:47 Feudal Age
11:07 Loom
11:25 Man-at-Arms
12:02 Double-Bit Axe
24:32 Fletching
25:52 Scale Mail Armor
29:17 Castle Age
27:51 Padded Archer Armor
29:27 Elite Skirmisher
30:11 Bodkin Arrow
ButtStuff
6:25 Loom
9:08 Feudal Age
9:11 Man-at-Arms
9:39 Double-Bit Axe
10:14 Arson
14:58 Fletching
16:44 Horse Collar
21:56 Gold Mining
24:52 Castle Age
24:42 Bloodlines
25:30 Bodkin Arrow
24:59 Crossbowman
25:48 Husbandry
26:31 Squires
26:16 Gambesons
37:20 Scale Mail Armor
39:56 Town Watch
41:52 Wheelbarrow
Connection lost

Rejoining the realm…

Still unreachable

The connection could not be restored.

Session expired

The server has moved on; the page needs a fresh start.